Map: 2000 애트모스피어 - 래더

Players

Trap - Winner!

  • Race: Protoss Protoss

Ashbringer

  • Race: Protoss Protoss

Event: DreamHack SC2 Masters Last Chance 2022

VOD

Have the link to the VOD?

Description

Time

  • Played on: Dec. 15, 2021, 5:11 a.m.
  • Length: 5:42

All games in this series

Show
View Real Time Build Order
Export as new Build Order

Trap Protoss - Winner!

Build Orders: Oracle Opening 

Get SALT Encoding   

  12  0:00  Probe  
  13  0:12  Probe  
  14  0:17  Pylon  
  14  0:24  Probe (Chrono Boost)  
  15  0:36  Gateway, Probe (Chrono Boost)  
  16  0:44  Probe (Chrono Boost)  
  16  0:45  Assimilator  
  17  0:50  Probe  
  18  0:58  Assimilator  
  18  1:03  Probe (Chrono Boost)  
  19  1:08  Gateway  
  20  1:12  Probe (Chrono Boost)  
  20  1:17  Probe (Chrono Boost)  
  20  1:24  Cybernetics Core  
  21  1:29  Probe  
  22  1:35  Pylon  
  22  1:41  Probe  
  23  1:53  Probe  
  24  2:00  Stalker x2  
  28  2:02  Warp Gate  
  28  2:12  Shield Battery  
  28  2:17  Pylon  
  28  2:27  Pylon  
  28  2:34  Adept  
  28  2:35  Adept  
  32  2:40  Stargate  
  32  3:01  Nexus  
  32  3:04  Probe  
  33  3:16  Probe  
  34  3:22  Oracle (Chrono Boost)  
  37  3:29  Probe  
  37  3:32  Pylon  
  36  3:47  Shield Battery  
  35  3:50  Stalker x2, Void Ray (Chrono Boost)  
  42  4:14  Shield Battery  
  42  4:18  Stalker, Zealot  
  42  4:19  Void Ray (Chrono Boost)  
  50  4:40  Pylon  
  50  4:42  Stalker  
  50  4:46  Zealot  
  49  4:57  Void Ray (Chrono Boost)  
  49  5:05  Pylon  
  51  5:10  Zealot  
  51  5:12  Stalker  
  55  5:35  Stalker  
  53  5:38  Zealot  
Show
View Real Time Build Order
Export as new Build Order

Ashbringer Protoss 

Build Orders:  

Get SALT Encoding   

  12  0:00  Probe  
  13  0:12  Probe (Chrono Boost)  
  14  0:17  Pylon  
  15  0:22  Probe (Chrono Boost)  
  16  0:35  Probe  
  16  0:36  Gateway  
  16  0:47  Probe  
  16  0:49  Assimilator  
  17  0:57  Assimilator  
  17  0:59  Probe (Chrono Boost)  
  18  1:11  Probe (Chrono Boost)  
  19  1:12  Gateway  
  19  1:16  Probe (Chrono Boost)  
  20  1:26  Probe  
  20  1:27  Cybernetics Core  
  21  1:38  Probe  
  21  1:39  Pylon  
  22  1:50  Probe  
  23  2:02  Probe  
  23  2:04  Stalker, Sentry  
  23  2:07  Warp Gate  
  28  2:20  Pylon  
  28  2:32  Stalker  
  28  2:34  Stalker  
  31  2:50  Robotics Facility  
  31  2:53  Gateway  
  31  3:03  Stalker  
  31  3:04  Stalker  
  35  3:14  Pylon  
  35  3:30  Shield Battery  
  35  3:35  Warp Prism (Chrono Boost)  
  33  3:56  Stalker x3  
  33  4:02  Pylon  
  39  4:29  Stalker x3  
  39  4:54  Stalker x3  
  45  5:15  Stalker x2  
  45  5:18  Stalker  

Tags
 
Add a new tag
Caveats
  • Supply blocks, unpowered buildings, or Contaminate may cause inaccurate times.
  • Supply counts are checked every 10 seconds.